 Dungeon Crawl Stone Soup version 0.18.1-8-gdd0e5ea (webtiles) character file.

28 Kri the Digger (level 3, 0/19 HPs)
             Began as a Gargoyle Earth Elementalist on May 22, 2016.
             Slain by a jackal (2 damage)
             ... on level 1 of the Dungeon.
             The game lasted 00:05:03 (1677 turns).

Kri the Digger (Gargoyle Earth Elementalist)        Turns: 1677, Time: 00:05:04

Health: 0/19       AC:  6    Str: 11    XL:     3   Next: 14%
Magic:  1/7        EV: 12    Int: 16    God:
Gold:   36         SH:  0    Dex: 10    Spells: 2 memorised, 3 levels left

rFire  + . .     SeeInvis .     h - -2 club (curse)
rCold  + . .     Gourm    .     a - +0 robe
rNeg   + . .     Faith    .     (no shield)
rPois  ∞         Spirit   .     l - +0 helmet
rElec  +         Dismiss  .     (no cloak)
rCorr  +         Reflect  .     (no gloves)
SustAt .         Harm     .     (no boots)
MR     .....                    (no amulet)
Stlth  ++........               (no ring)
                                (no ring)

@: resistant, not resistant to hostile enchantments, unstealthy
A: negative energy resistance 1, electricity resistance, unbreathing,
petrification resistance, rot immunity, AC +3
a: no special abilities


You were on level 1 of the Dungeon.
You were not hungry.

You visited 1 branch of the dungeon, and saw 1 of its levels.

You collected 36 gold pieces.

Inventory:

Hand Weapons
 g - a +0 club
 h - a cursed -2 club (weapon)
 j - a +0 mace
 m - a +0 dagger
Missiles
 b - 74 stones (quivered)
Armour
 a - a +0 robe (worn)
 l - a +0 helmet (worn)
Scrolls
 e - a scroll of fog
Books
 c - a book of Geomancy

   Spells                             Type                      Level
   a - Sandblast                      Earth                        1
   b - Passwall                       Transmutation/Earth          2
   c - Stone Arrow                    Conjuration/Earth            3
   d - Petrify                        Transmutation/Earth          4
   e - Lee's Rapid Deconstruction     Earth                        5
Comestibles
 d - a bread ration
 f - 2 meat rations
 k - 3 chunks of flesh


   Skills:
 - Level 1.5 Dodging
 - Level 2.1 Stealth
 * Level 2.9 Spellcasting
 + Level 0.2 Conjurations
   Level 0.7 Transmutations
 + Level 4.1 Earth Magic


You had 3 spell levels left.
You knew the following spells:

 Your Spells              Type           Power        Failure   Level  Hunger
a - Sandblast             Erth           ###...       4%          1    #......
b - Stone Arrow           Conj/Erth      #.....       28%         3    ###....


Dungeon Overview and Level Annotations

Branches:
Dungeon (1/15)

Altars:
Ashenzari


Innate Abilities, Weirdness & Mutations

You are resistant to torment.
Your stone body is resilient (AC +3).
You are immune to poison.
You resist negative energy.
You are resistant to electric shocks.
You can survive without breathing.
You are immune to petrification.
You are immune to rotting.


Message History

The jackal misses you.
Drink which item? (? for menu, Esc to quit)
It was a potion of resistance.
You feel protected. The jackal barely misses you.
The jackal closely misses you.
You closely miss the jackal.
The jackal is moderately wounded.
The jackal closely misses you.
You completely miss the jackal.
The jackal is moderately wounded.
The jackal bites you but does no damage.
The jackal closely misses you.
You closely miss the jackal.
The jackal is moderately wounded.
The jackal bites you but does no damage.
The jackal closely misses you.
You miss the jackal.
The jackal is moderately wounded.
The jackal bites you.
You die...

......≈#...........##..###....###
......≈#......................#
#.8..###..........h...........#
.....#o#............#..#.##...#
'#######...#............_.....#
.....##....#.......##..#.#..###
.....##....#.......##.........#
...###........#######.....###.###
''##............@h÷......## #....
..............######...### #####
...#..........# #.....# #
.#............# ##..##.########
...#..........#####..###........>
..##......÷.........## ##########
..######.........#### .##
###.......# .# ##......#


You could see a jackal.

Vanquished Creatures
  3 giant geckos (D:1)
  8 bats (D:1)
  A giant cockroach (D:1)
  2 hobgoblins (D:1)
  2 jackals (D:1)
  A ball python (D:1)
  2 giant newts (D:1)
  2 kobolds (D:1)
  4 rats (D:1)
25 creatures vanquished.

Notes
Turn   | Place    | Note
--------------------------------------------------------------
     0 | D:1      | Kri the Gargoyle Earth Elementalist began the quest for the Orb.
     0 | D:1      | Reached XP level 1. HP: 10/10 MP: 3/3
   436 | D:1      | Reached XP level 2. HP: 4/15 MP: 3/5
   550 | D:1      | Reached skill level 4 in Earth Magic
  1054 | D:1      | Found a shattered altar of Ashenzari.
  1353 | D:1      | Reached XP level 3. HP: 11/19 MP: 2/7
  1358 | D:1      | Learned a level 3 spell: Stone Arrow
  1677 | D:1      | Slain by a jackal

Skill      XL: |  1  2 |
---------------+-------+-----
Earth Magic    | 4 |  4.1
Dodging        | |  1.5
Stealth        | |  2.1
Spellcasting   | |  2.9
Conjurations   | |  0.2
Transmutations | |  0.7

Action                   || total
-------------------------++-------
Melee: Club              ||   108
 Cast: Sandblast         ||    55
  Use: Scroll            ||     1
       Potion            ||     2
  Eat: Chunk             ||     3
Armor: Robe              ||   116
Dodge: Dodged            ||   231
